 Dungeon Crawl Stone Soup version 0.29-a0-82-g837932c90e (webtiles) character file.

Game seed: 13662208515836808420

93 testman the Sneak (level 4, -3/29 HPs)
             Began as a Kobold Delver on Feb 4, 2022.
             Was a Follower of Nemelex Xobeh.
             Killed from afar by Terence (5 damage)
             ... with a puff of flame
             ... on level 2 of the Dungeon.
             The game lasted 00:11:07 (2697 turns).

testman the Sneak (Kobold Delver)                   Turns: 2697, Time: 00:11:07

Health: -3/29      AC:  4    Str:  9    XL:     4   Next: 91%
Magic:  4/4        EV: 15    Int: 11    God:    Nemelex Xobeh [*.....]
Gold:   79         SH:  5    Dex: 18    Spells: 3/3 levels left

rFire   . . .      SeeInvis .   s - +1 dagger (speed)
rCold   . . .      Faith    .   (no shield)
rNeg    . . .      Spirit   .   b - +0 leather armour
rPois   .          Reflect  +   (no helmet)
rElec   .          Harm     .   (no cloak)
rCorr   .          Rampage  .   i - +0 pair of gloves
Will    .....                   (no boots)
Stlth   +++++.....              n - amulet of reflection
HPRegen 0.09/turn               (no ring)
MPRegen 0.09/turn               (no ring)

@: no status effects
A: small, no large weapons, nightstalker 3
a: Renounce Religion, Draw Escape, Draw Destruction, Draw Summoning


You were on level 2 of the Dungeon.
You worshipped Nemelex Xobeh.
Nemelex Xobeh was aware of your devotion.
You visited 1 branch of the dungeon, and saw 5 of its levels.

You collected 79 gold pieces.

Inventory:

Hand Weapons
 s - a +1 dagger of speed (weapon)
Missiles
 l - 2 boomerangs (quivered)
 o - 24 stones
Armour
 b - a +0 leather armour (worn)
 i - a +0 pair of gloves (worn)
Jewellery
 n - an amulet of reflection (around neck)
Wands
 g - a wand of digging (3)
 h - a wand of iceblast (5)
Scrolls
 c - 2 scrolls of fog
 d - a scroll of magic mapping
 j - 3 scrolls of teleportation {unknown}
 k - a scroll of noise {unknown}
 m - 5 scrolls of identify {unknown}
 p - a scroll of immolation {unknown}
 q - 2 scrolls of enchant weapon {unknown}
Potions
 e - a potion of curing
 f - a potion of haste
 r - a potion of berserk rage {unknown}


   Skills:
 + Level 4.0 Fighting
 + Level 3.8 Short Blades
 - Level 3.3 Dodging
 + Level 7.2 Stealth
 + Level 0.7 Invocations


You had 3 spell levels left.
You didn't know any spells.
Your spell library contained the following spells:

 Spells                   Type           Power      Damage    Failure   Level
 Conjure Flame            Conj/Fire      0%         6-21      83%         3
 Ignite Poison            Fire/Tmut/Pois 0%         N/A       83%         3
 Sticky Flame             Conj/Fire      0%         2d3       99%         4


Dungeon Overview and Level Annotations

Branches:
Dungeon (5/15)
 Temple: D:4-7

Altars:
Nemelex Xobeh

Annotations:
D:2 Terence
D:5 Grinder


Innate Abilities, Weirdness & Mutations

You are small and have problems with some larger weapons.
You are completely attuned to the shadows.


Message History

You hit Terence but do no damage.
Terence is almost dead.
You block Terence's attack.
You closely miss Terence.
Terence is almost dead.
You hit Terence.
Terence is almost dead.
Terence misses you.
You hit Terence but do no damage.
Terence is almost dead.
You hit Terence but do no damage.
Terence is almost dead.
Terence barely misses you.
You barely miss Terence.
Terence is almost dead.
You hit Terence but do no damage.
Terence is almost dead.
Terence hits you with a +0 mace.
* * * LOW HITPOINT WARNING * * *
You closely miss Terence.
Terence is almost dead.
You hit Terence but do no damage.
Terence is almost dead.
Terence misses you.
You hit Terence but do no damage.
Terence is almost dead.
You hit Terence but do no damage.
Terence is almost dead.
Terence zaps a wand.
The puff of flame hits you.
* * * LOW HITPOINT WARNING * * *
You hit Terence but do no damage.
Terence is almost dead.
Terence closely misses you.
You hit Terence but do no damage.
Terence is almost dead.
You hit Terence but do no damage.
Terence is almost dead.
Terence zaps a wand.
The puff of flame hits you.
You die...
Your body disappears without a glow.

#....# #####.. #....#
#.# #...... #....# #.#
#...... #....####.#####
#......
#........[....###......
##.#.....>.....@.......
#.#........#.#######..
#.#.....##@#.# ##
#.#.#@@....#.#
#.#.########.##
#.#...........##
#.########.....# #.#
#....)# ####.#####
#.....# #........#
###..## #......†.# #..#
#........######..#


You could see Terence.

Vanquished Creatures
  An orc wizard (D:4)
  A hound skeleton (D:4)
  An adder (D:2)
  A worm (D:2)
  4 orcs
  2 ball pythons (D:1)
  A bat (D:1)
  3 endoplasms
  2 giant cockroaches
  3 goblins
  4 hobgoblins
  A quokka (D:1)
  4 frilled lizards
  9 kobolds
  A rat (D:2)
38 creatures vanquished.

Notes
Turn   | Place    | Note
-------+----------+-------------------------------------------
     0 | D:5      | testman the Kobold Delver began the quest for the Orb.
     0 | D:5      | Reached XP level 1. HP: 14/14 MP: 1/1
    13 | D:5      | Noticed a necrophage
    26 | D:5      | Noticed Grinder
   116 | D:5      | Noticed a phantom
   129 | D:4      | Noticed an orc wizard
   132 | D:4      | Killed an orc wizard
   133 | D:4      | Reached XP level 2. HP: 19/19 MP: 2/2
   133 | D:4      | Reached XP level 3. HP: 23/23 MP: 3/3
   159 | D:4      | Reached skill level 7 in Stealth
   178 | D:4      | HP: 1/24 [hound skeleton (2)]
   526 | D:3      | Reached XP level 4. HP: 29/29 MP: 4/4
   611 | D:2      | Noticed Terence
  1069 | D:2      | Found a sparkling altar of Nemelex Xobeh.
  1081 | D:2      | Became a worshipper of Nemelex Xobeh the Trickster
  2172 | D:1      | Reached * piety under Nemelex Xobeh
  2697 | D:2      | Killed from afar by Terence

Illustrated notes

Levels and vault maps discovered:
D:1:      sevenhm_arrival_forest_fort_large_2, layout_basic,
          hangedman_decor_push
D:2:      layout_basic, shapermc_ecumenical_altar_mp_highgroup, basic_altar,
          uniq_terence
D:3:      layout_loops_corners, minitemple, chequers_avenue, st_stairs_8
D:4:      layout_loops_corners, kennysheep_little_box, uniq_crazy_yiuf_cottage,
          uniq_duvessa, uniq_eustachio
D:5:      layout_loops_ring, mainiacjoe_overflow_big_doors,
          kennysheep_generic_room_4, uniq_grinder

Skill      XL: |  1  2  3  4 |
---------------+-------------+-----
Short Blades   | 3 |  3.8
Dodging        | 3 |  3.3
Stealth        | 7 |  7.2
Fighting       | 4 |  4.0
Invocations    | |  0.7

Action                   |  1- 3 |  4- 6 || total
-------------------------+-------+-------++-------
Melee: Short sword       |    31 |   108 ||   139
       Dagger            |       |    71 ||    71
       Punch             |       |     2 ||     2
Throw: Boomerang         |       |     3 ||     3
Evoke: Wand              |     1 |     1 ||     2
  Use: Potion            |       |     2 ||     2
       Scroll            |       |     1 ||     1
 Stab: Sleeping          |     5 |    11 ||    16
Armor: Leather armour    |     4 |    16 ||    20
Dodge: Dodged            |    17 |    76 ||    93
Block: Other             |       |    21 ||    21
       Reflection        |       |     2 ||     2

Table legend: (Time is in decaauts)
 A = Elapsed time spent in this place.
 B = Non-inter-level travel time spent in this place.
 C = Inter-level travel time spent in this place.
 D = Time resting spent in this place.
 E = Time spent auto-exploring this place.
 F = Levels seen in this place.
 G = Mean time per level.
                   A        B        C        D        E       F      G
               +--------+--------+--------+--------+--------+-----+--------+
         Total |   2654 |   2602 |     52 |   1006 |    755 |   5 |  530.8 |
       Dungeon |   2654 |   2602 |     52 |   1006 |    755 |   5 |  530.8 |
               +--------+--------+--------+--------+--------+-----+--------+

Top non-repeatable levels by time:
     D:1: 1202 daAuts
     D:2: 892 daAuts
     D:4: 265 daAuts
     D:3: 165 daAuts
     D:5: 129 daAuts
